Unix NetHack Version 5.0.0-0 post-release - last build Jul 19 2026 19:10:59 (3aa4ab31751d3886436d94b585a96704892fd477,branch:main).

Game began 2026-07-19 12:07:25, ended 2026-07-20 12:55:42.

Anarchos, lawful female dwarven Valkyrie

      ---------
      |.......|              -------------
      |.......|             |......i.....|
      |.......| d`##########.............|
      |.......|             |............|
      |.......|          ###.............|
      -.---|---          #  |............|
       ##  #             #  --------------
        #                #
        #                #
        #                #
        ###             ##     -%-----
        --.-------------#  ####......|          ----
        |............ff+###O   |%.#.[-##########-.@.          c
        |.........<..d.|#      |..u..|          |..q
        |..............+#      -------
        ----------------

Anarchos the Woman-at-arms  St:25 Dx:10 Co:18 In:10 Wi:9 Ch:15  Lawful
Dlvl:14 $:0  HP:0(108) Pw:24(24) AC:-12 Xp:10 T:15905  Blind

Latest messages:
 You resume your meal.
 You finish eating the panther corpse.
 $ - 13 gold pieces (38 in total).
 $ - 38 gold pieces (76 in total).
 $ - 18 gold pieces (94 in total).
 $ - 102 gold pieces (196 in total).
 $ - 73 gold pieces (269 in total).
 $ - 243 gold pieces (512 in total).
 $ - 577 gold pieces (1089 in total).
 $ - 253 gold pieces (1342 in total).
 $ - 34 gold pieces (1376 in total).
 What do you want to use or apply? [fgjnzAGIOP or ?*] j
 You put 1376 gold pieces into the bag.
 What do you want to use or apply? [fgjnzAGIOP or ?*] a
 Sorry, I don't know how to use that.
 You can't jump very far.
 What do you want to use or apply? [fgjnzAGIOP or ?*] j
 You put a yellowish brown gem into the bag.
 What do you want to use or apply? [fgjnzAGIOP or ?*] j
 You notice a dog smell.
 You hear the footsteps of a guard on patrol.
 $ - 523 gold pieces.
 What do you want to use or apply? [fgjnzAGIOP or ?*] j
 You put 523 gold pieces into the bag.
 This door is locked.
 Unlock it with your key? [ynq] (q) y
 You succeed in unlocking the door.
 The door opens.
 You find a hidden door.
 The door resists!
 The door opens.
 The dust vortex misses!
 The mastodon butts!
 The mastodon butts again!
 What do you want to wield? [- agD or ?*] D
 D - a blessed war hammer named Mjollnir (weapon in right hand).
 The dust vortex misses!
 The massive hammer hits!  Lightning strikes the mastodon!
 The dust vortex engulfs you!
 You can't see in here!
 The massive hammer hits!  Lightning strikes the dust vortex!
 You destroy the dust vortex!
 The mastodon butts!
 The mastodon butts again!
 You hit the mastodon.
 The mastodon butts!
 The mastodon butts again!
 You die...
 Do you want your possessions identified? [ynq] (y) y
 Do you want to see your attributes? [ynq] (y) q

Inventory:
 Amulets  ('"')
  Y - an uncursed amulet of magical breathing (being worn)
 Weapons  (')')
  a - a +0 long sword
  D - the blessed +6 Mjollnir (weapon in right hand)
 Armor    ('[')
  C - an uncursed +1 dwarvish iron helm (being worn)
  S - an uncursed +0 pair of gauntlets of power (being worn)
  l - a blessed +3 pair of iron shoes (being worn)
  c - an uncursed +3 small shield (being worn)
  u - an uncursed +1 elven cloak (being worn)
  E - a blessed +1 dwarvish mithril-coat (being worn)
 Comestibles  ('%')
  O - an uncursed cream pie
  x - an uncursed pancake
  r - 2 uncursed tripe rations
  e - an uncursed female lizard corpse
  v - an uncursed male lizard corpse
 Rings    ('=')
  J - an uncursed ring of shock resistance (on right hand)
  t - an uncursed ring of slow digestion (on left hand)
 Wands    ('/')
  I - a wand of death (0:3)
  A - a wand of digging (0:5)
  P - a wand of digging (0:4)
  z - a wand of make invisible (0:6)
  n - a wand of undead turning (0:8)
 Tools    ('(')
  j - a blessed bag of holding containing 50 items
  G - an uncursed oil lamp
  f - an uncursed skeleton key
  g - a +0 unicorn horn

Contents of the bag of holding:
  11162 gold pieces
  10 +0 daggers
  a +1 dwarvish spear
  the +0 Sting
  the blessed +0 Orcrist
  a blessed +1 helmet
  a cursed -2 pair of gauntlets of dexterity named cursed
  an uncursed +0 pair of iron shoes
  an uncursed +0 dwarvish cloak
  an uncursed +0 mummy wrapping
  14 uncursed food rations
  an uncursed fortune cookie
  2 uncursed K-rations
  3 uncursed tripe rations
  an uncursed lizard corpse
  an uncursed scroll of blank paper
  2 uncursed scrolls of create monster
  an uncursed scroll of destroy armor
  a cursed scroll of enchant weapon
  2 uncursed scrolls of light
  an uncursed scroll of scare monster
  a blessed scroll of stinking cloud
  3 uncursed scrolls of teleportation
  an uncursed spellbook of detect monsters
  an uncursed spellbook of force bolt
  an uncursed spellbook of healing
  an uncursed spellbook of restore ability
  an uncursed potion of fruit juice
  2 uncursed potions of object detection
  a blessed potion of sleeping
  a cursed -5 ring of adornment
  an uncursed ring of cold resistance
  a cursed ring of conflict
  a cursed -2 ring of increase accuracy
  a wand of light (0:11)
  a wand of lightning (0:0)
  a wand of make invisible (0:4)
  a wand of nothing (0:12)
  an uncursed figurine of a giant beetle
  an uncursed mirror
  a +0 pick-axe
  a +0 unicorn horn
  2 uncursed amber stones
  5 uncursed worthless pieces of blue glass
  2 uncursed worthless pieces of green glass
  2 uncursed worthless pieces of orange glass
  an uncursed worthless piece of red glass
  3 uncursed worthless pieces of violet glass
  an uncursed worthless piece of white glass
  an uncursed worthless piece of yellowish brown glass

Anarchos the Valkyrie's attributes:

Background:
 You were a Woman-at-arms, a level 10 dwarven Valkyrie.
 You were lawful, on a mission for Tyr
 who was opposed by Odin (neutral) and Loki (chaotic).
 You were right-handed.
 You were in the Dungeons of Doom, on level 14.
 You entered the dungeon 15905 turns ago.
 You had 9081 experience points, 919 more were needed to attain level 11.

Basics:
 You had 0 out of 108 hit points.
 You had all 24 energy points (spell power).
 Your armor class was -12.
 Your wallet was empty, but
 you had 11162 zorkmids stashed away in your pack.
 Autopickup was on for all types.

Final Characteristics:
 Your strength was 25 (base:15, peak:18, innate limit:18/100).
 Your dexterity was 10 (limit:20).
 Your constitution was 18 (limit:20).
 Your intelligence was 10 (limit:16).
 Your wisdom was 9 (limit:16).
 Your charisma was 15 (limit:16).

Final Status:
 You were temporarily blind.
 You weren't hungry.
 You were unencumbered.
 You were wielding a hammer.
 You had expert skill with hammer.

Final Attributes:
 You were piously aligned.
 You were cold resistant.
 You were shock resistant.
 Your items were protected from electric shocks.
 You were telepathic.
 You had infravision.
 You were stealthy.
 You could survive without air.
 You had slower digestion.
 You were guarded.
 Your spell casting was impaired by metallic armor.
 You were fast.
 You are dead.

Miscellaneous:
 You didn't encounter any bones levels.
 Total elapsed playing time was 6 hours, 32 minutes and 14 seconds.

Major events:
 Turn
    1: Anarchos the lawful dwarven Valkyrie entered the dungeon
  770: attained the rank of Skirmisher (level 3)
 1663: entered the Gnomish Mines
 1877: found Mjollnir on the floor
 3281: reached Mine Town
 3914: attained the rank of Fighter (level 6)
 6238: entered Sokoban
 6641: completed 1st Sokoban level
 6981: completed 2nd Sokoban level
 7458: completed 3rd Sokoban level
 8595: completed 4th Sokoban level
 9421: acquired the Sokoban bag of holding
 9996: chose an elven broadsword to be named "Orcrist"
10014: chose an elven dagger to be named "Sting"
13334: attained the rank of Woman-at-arms (level 10)
15085: entered Home 1, the Quest
15905: killed by a chameleon imitating a mastodon

Spells:
 Name                 Level Category     Fail Retention
 healing                1   healing      100%   51%-75%
 detect monsters        1   divination   100%   51%-75%
 restore ability        4   healing      100%  76%-100%
 force bolt             1   attack       100%  76%-100%

Skills:
 Fighting Skills
   bare handed combat [Unskilled]
   two weapon combat  [Unskilled]
   riding             [Unskilled]
 Weapon Skills
   dagger             [Basic]
   axe                [Unskilled]
   pick-axe           [Unskilled]
   short sword        [Unskilled]
   broadsword         [Unskilled]
   long sword         [Skilled]
   two-handed sword   [Unskilled]
   saber              [Unskilled]
   hammer             [Expert]
   quarterstaff       [Unskilled]
   polearms           [Unskilled]
   spear              [Basic]
   trident            [Unskilled]
   lance              [Unskilled]
   sling              [Unskilled]
 Spellcasting Skills
   attack spells      [Unskilled]
   escape spells      [Unskilled]

Voluntary challenges:
 Character rerolling was not enabled.
 You never genocided any monsters.
 You never polymorphed an object.
 You never changed form.
 You used no wishes.
 You violated the special Sokoban rules 5 times.
Achievements:
 You entered a shop.
 You attained the rank of Skirmisher.
 You entered the Gnomish Mines.
 You entered Minetown.
 You entered a temple.
 You attained the rank of Fighter.
 You entered Sokoban.
 You completed Sokoban.
 You attained the rank of Woman-at-arms.

 The Dungeons of Doom: levels 1 to 14
    Level 1:
       An altar, a sink.
    Level 2:
       A general store, a fountain.
    Level 3:
       A fountain.
    Level 4:
       An altar to Tyr.
       Stairs down to The Gnomish Mines.
    Level 5:
       A sink, a grave.
    Level 6:
    Level 7:
       Many fountains.
       Oracle of Delphi.
    Level 8:
       A grave.
       Stairs up to Sokoban, level 7.
    Level 9:
       An altar to Tyr, a fountain.
    Level 10:
       A general store.
    Level 11:
       An altar.
    Level 12:
       A general store, a fountain.
    Level 13:
       Summoned by the Norn.
       Portal to The Quest.
    Level 14: <- You were here.
       A tree.
       Final resting place for
          you, killed by a chameleon imitating a mastodon.
 The Gnomish Mines: levels 5 to 8
    Level 5:
    Level 6:
    Level 7:
    Level 8:
       A lighting shop, a temple and an altar, some fountains, some trees.
 The Quest:
    Level 1:
       A fountain.
       Home.
 Sokoban: levels 7 up to 4
    Level 4:
       Solved.
    Level 5:
       Solved.
    Level 6:
       Solved.
    Level 7:
       Solved.


Vanquished creatures:
  3 giant mimics
  a zruty
  3 stalkers
 an earth elemental
  4 hill giants
  a giant zombie
  a warg
  3 small mimics
  a glass piercer
  2 xans
  3 quantum mechanics
  2 trolls
  a gelatinous cube
  a freezing sphere
  2 tigers
  2 gargoyles
  4 tengu
  4 ochre jellies
  2 leocrottas
 an energy vortex
  a mountain centaur
 an elf mummy
  2 human mummies
  2 wraiths
  a carnivorous ape
 an ettin zombie
  2 leather golems
  7 Grey-elves
  3 soldiers
  a watchman
 an amorous demon
  a chameleon
  2 giant beetles
  a quivering blob
  3 cockatrices
  a wolf
  7 winter wolf cubs
  a lynx
  a panther
  a gremlin
  4 leprechauns
  3 orc-captains
 an iron piercer
  a giant spider
  3 scorpions
  2 horses
  a black light
  a forest centaur
  2 gnome rulers
  2 brown puddings
  2 owlbears
  2 yetis
  a gold golem
  a werewolf
  a Green-elf
  3 lizards
  a dingo
  3 dogs
  a housecat
  3 jaguars
  2 blue jellies
  3 black unicorns
  4 dust vortices
  2 ravens
  a plains centaur
  4 snakes
  7 apes
  3 human zombies
  a rope golem
  a Woodland-elf
  3 soldier ants
  4 fire ants
  a bugbear
  4 imps
  a quasit
  a wood nymph
  3 water nymphs
  a mountain nymph
  2 rock piercers
  3 rock moles
  4 ponies
  2 fog clouds
  4 yellow lights
  2 shriekers
  2 violet fungi
  4 gnome leaders
  2 gray oozes
  a barrow wight
  2 elf zombies
  2 ghouls
  a straw golem
  9 giant ants
  a little dog
  6 floating eyes
  2 kittens
  5 dwarves
  3 homunculi
  a kobold leader
  2 kobold shamans
  4 hill orcs
  3 rothes
  a rabid rat
  4 giant bats
 an orc zombie
  3 wererats
  2 werejackals
  4 iguanas
  a killer bee
  5 acid blobs
  5 coyotes
  2 hobbits
 11 manes
  2 large kobolds
  a hobgoblin
  2 giant rats
  6 cave spiders
  a yellow mold
  3 red molds
 28 gnomes
  2 garter snakes
  3 gnome zombies
  7 geckos
  6 jackals
  3 foxes
  4 kobolds
  7 goblins
  3 sewer rats
 11 grid bugs
  3 bats
  3 lichens
  a kobold zombie
  7 newts
375 creatures vanquished.

No species were genocided or became extinct.

Game over:
                       ----------
                      /          \
                     /    REST    \
                    /      IN      \
                   /     PEACE      \
                  /                  \
                  |     Anarchos     |
                  |     11162 Au     |
                  |   killed by a    |
                  |    chameleon     |
                  |   imitating a    |
                  |     mastodon     |
                  |       2026       |
                 *|     *  *  *      | *
        _________)/\\_//(\/(/\)/\//\/|_)_______

Farvel Anarchos the Valkyrie...

You died in The Dungeons of Doom on dungeon level 14 with 47160 points,
and 11162 pieces of gold, after 15905 moves.
You were level 10 with a maximum of 108 hit points when you died.

